APL (24 & UNDER)
MONTGOMERY GREY SOX @ BEAVERTON BRONZE SOULS
09/21/2025
 
TOP OF THE 1ST
Montgomery Grey Sox batting - Pitching for Beaverton Bronze Souls : LHP Kip Manning
Pitching: LHP Kip Manning
Batting: LHB Al Gaines 0-0: Called Strike
0-1: Ball
1-1: Swinging Strike
1-2: Ball
2-2: Ball
3-2: Strikes out swinging
Batting: RHB José Montoya 0-0: Ball
1-0: Ball
2-0: Called Strike
2-1: Ball
3-1: Called Strike
3-2: Ground out 5-3 (Groundball, 5)
Batting: RHB Joe Courtier 0-0: SINGLE (Line Drive, 4D)
Batting: RHB Bob Johnson 0-0: Called Strike
0-1: Ball
1-1: Ball
2-1: Swinging Strike
2-2: Strikes out swinging
Top of the 1st over - 0 run(s), 1 hit(s), 0 error(s), 1 left on base; Montgomery 0 - Beaverton 0
BOTTOM OF THE 1ST
Beaverton Bronze Souls batting - Pitching for Montgomery Grey Sox : RHP Michael Young
Pitching: RHP Michael Young
Batting: RHB Juan Becerra 0-0: Called Strike
0-1: Ball
1-1: Ground out 6-3 (Groundball, 6)
Batting: LHB Richard Méndez 0-0: SINGLE (Groundball, 34D)
Batting: RHB Brian Dixon 0-0: Called Strike
0-1: Foul Ball, location: 2F
0-2: Foul Ball, location: 2F
0-2: Ball
1-2: Foul Ball, location: 2F
1-2: Grounds into double play, 6-4-3 (Groundball, 6)
Bottom of the 1st over - 0 run(s), 1 hit(s), 0 error(s), 0 left on base; Montgomery 0 - Beaverton 0
TOP OF THE 2ND
Montgomery Grey Sox batting - Pitching for Beaverton Bronze Souls : LHP Kip Manning
Batting: RHB Dean Bailey 0-0: Called Strike
0-1: Fly out, F8 (Flyball, 8LD)
Batting: RHB Rusty Downy 0-0: Ball
1-0: Foul Ball, location: 2F
1-1: Swinging Strike
1-2: Strikes out looking
Batting: SHB Hoyt Norris 0-0: Ground out 5-3 (Groundball, 56)
Top of the 2nd over - 0 run(s), 0 hit(s), 0 error(s), 0 left on base; Montgomery 0 - Beaverton 0
BOTTOM OF THE 2ND
Beaverton Bronze Souls batting - Pitching for Montgomery Grey Sox : RHP Michael Young
Batting: RHB Jim Villiers 0-0: Called Strike
0-1: Fly out, F9 (Line Drive, 9S)
Batting: LHB Chance Santry 0-0: Ball
1-0: Swinging Strike
1-1: Ball
2-1: Called Strike
2-2: Ball
3-2: Fly out, F6 (Popup, 56D)
Batting: LHB Cristóbal Gómez 0-0: Called Strike
0-1: Called Strike
0-2: Strikes out looking
Bottom of the 2nd over - 0 run(s), 0 hit(s), 0 error(s), 0 left on base; Montgomery 0 - Beaverton 0
TOP OF THE 3RD
Montgomery Grey Sox batting - Pitching for Beaverton Bronze Souls : LHP Kip Manning
Batting: RHB José Carlos Caraballo 0-0: Ball
1-0: Called Strike
1-1: Ground out 4-3 (Groundball, 34)
Batting: RHB Félix Cruz 0-0: Ball
1-0: Foul Ball, location: 2F
1-1: Swinging Strike
1-2: Foul Ball, location: 2F
1-2: Foul Ball, location: 2F
1-2: Strikes out swinging
Batting: LHB Al Gaines 0-0: Ground out 5-3 (Groundball, 5)
Top of the 3rd over - 0 run(s), 0 hit(s), 0 error(s), 0 left on base; Montgomery 0 - Beaverton 0
BOTTOM OF THE 3RD
Beaverton Bronze Souls batting - Pitching for Montgomery Grey Sox : RHP Michael Young
Batting: RHB Carlos Carrillo 0-0: Foul Ball, location: 2F
0-1: Swinging Strike
0-2: Ball
1-2: Strikes out swinging
Batting: LHB Howard Holder 0-0: Ball
1-0: Foul Ball, location: 2F
1-1: Ball
2-1: Ball
3-1: Base on Balls
Batting: RHB Tom Hicks 0-0: Called Strike
0-1: Ball
1-1: Foul Ball, location: 2F
1-2: Ball
2-2: Strikes out looking
Batting: RHB Juan Becerra 0-0: Called Strike
0-1: Foul Ball, location: 2F
0-2: Foul Ball, location: 2F
0-2: Fielders Choice at 2nd, U4 (Groundball, 4M)
Bottom of the 3rd over - 0 run(s), 0 hit(s), 0 error(s), 1 left on base; Montgomery 0 - Beaverton 0
TOP OF THE 4TH
Montgomery Grey Sox batting - Pitching for Beaverton Bronze Souls : LHP Kip Manning
Batting: RHB José Montoya 0-0: Called Strike
0-1: Foul Ball, location: 2F
0-2: Ball
1-2: Ball
2-2: Strikes out looking
Batting: RHB Joe Courtier 0-0: Swinging Strike
0-1: SOLO HOME RUN (Flyball, 9LD), Distance : 351 ft
Batting: RHB Bob Johnson 0-0: Ball
1-0: Ball
2-0: Called Strike
2-1: Ground out 6-3 (Groundball, 6M)
Batting: RHB Dean Bailey 0-0: Called Strike
0-1: Called Strike
0-2: Ball
1-2: Ground out 5-3 (Groundball, 5S)
Top of the 4th over - 1 run(s), 1 hit(s), 0 error(s), 0 left on base; Montgomery 1 - Beaverton 0
BOTTOM OF THE 4TH
Beaverton Bronze Souls batting - Pitching for Montgomery Grey Sox : RHP Michael Young
Batting: LHB Richard Méndez 0-0: Ball
1-0: Called Strike
1-1: Ball
2-1: Ground out 4-3 (Groundball, 4S)
Batting: RHB Brian Dixon 0-0: Ground out 5-3 (Groundball, 5)
Batting: RHB Jim Villiers 0-0: Swinging Strike
0-1: Swinging Strike
0-2: Strikes out swinging
Bottom of the 4th over - 0 run(s), 0 hit(s), 0 error(s), 0 left on base; Montgomery 1 - Beaverton 0
TOP OF THE 5TH
Montgomery Grey Sox batting - Pitching for Beaverton Bronze Souls : LHP Kip Manning
Batting: RHB Rusty Downy 0-0: Called Strike
0-1: Swinging Strike
0-2: Ground out 4-3 (Groundball, 4)
Batting: SHB Hoyt Norris 0-0: Ball
1-0: Ball
2-0: DOUBLE (Line Drive, 9LM)
Batting: RHB José Carlos Caraballo 0-0: Fly out, F8 (Flyball, 8LS)
Batting: RHB Félix Cruz 0-0: Swinging Strike
0-1: Ball
1-1: Foul Ball, location: 2F
1-2: Strikes out swinging
Top of the 5th over - 0 run(s), 1 hit(s), 0 error(s), 1 left on base; Montgomery 1 - Beaverton 0
BOTTOM OF THE 5TH
Beaverton Bronze Souls batting - Pitching for Montgomery Grey Sox : RHP Michael Young
Batting: LHB Chance Santry 0-0: Called Strike
0-1: Fly out, F8 (Flyball, 8LM)
Batting: LHB Cristóbal Gómez 0-0: Ball
1-0: Ball
2-0: Swinging Strike
2-1: Foul Ball, location: 2F
2-2: Ball
3-2: Foul Ball, location: 2F
3-2: Fly out, F4 (Line Drive, 4)
Batting: RHB Carlos Carrillo 0-0: Called Strike
0-1: Ball
1-1: SINGLE (Line Drive, 9LS)
Batting: LHB Howard Holder 0-0: Foul Ball, location: 2F
0-1: Ball
1-1: Ball
2-1: Foul Ball, location: 2F
2-2: Foul Ball, location: 2F
2-2: Foul Ball, location: 2F
2-2: Ball
3-2: Fly out, F7 (Flyball, 7S)
Bottom of the 5th over - 0 run(s), 1 hit(s), 0 error(s), 1 left on base; Montgomery 1 - Beaverton 0
TOP OF THE 6TH
Montgomery Grey Sox batting - Pitching for Beaverton Bronze Souls : LHP Kip Manning
Batting: LHB Al Gaines 0-0: Called Strike
0-1: Ball
1-1: Ball
2-1: Swinging Strike
2-2: Foul Ball, location: 2F
2-2: Foul Ball, location: 2F
2-2: Ball
3-2: Strikes out swinging
Batting: RHB José Montoya 0-0: Swinging Strike
0-1: Called Strike
0-2: Strikes out looking
Batting: RHB Joe Courtier 0-0: Swinging Strike
0-1: Foul Ball, location: 2F
0-2: Strikes out looking
Top of the 6th over - 0 run(s), 0 hit(s), 0 error(s), 0 left on base; Montgomery 1 - Beaverton 0
BOTTOM OF THE 6TH
Beaverton Bronze Souls batting - Pitching for Montgomery Grey Sox : RHP Michael Young
Batting: RHB Tom Hicks 0-0: Ball
1-0: Ball
2-0: Foul Ball, location: 2F
2-1: Ground out 2-3 (Groundball, 2R)
Batting: RHB Juan Becerra 0-0: Swinging Strike
0-1: Hit by Pitch
Batting: LHB Richard Méndez 0-0: Ball
Juan Becerra steals 2nd base
1-0: Foul Ball, location: 2F
1-1: Foul Ball, location: 2F
1-2: Foul Ball, location: 2F
1-2: Foul Ball, location: 2F
1-2: Fly out, F7 (Flyball, 7LM)
Batting: RHB Brian Dixon 0-0: Ball
1-0: Ball
2-0: Foul Ball, location: 2F
2-1: Ground out 6-3 (Groundball, 6M)
Bottom of the 6th over - 0 run(s), 0 hit(s), 0 error(s), 1 left on base; Montgomery 1 - Beaverton 0
TOP OF THE 7TH
Montgomery Grey Sox batting - Pitching for Beaverton Bronze Souls : LHP Kip Manning
Batting: RHB Bob Johnson 0-0: SINGLE (Line Drive, 78S)
Batting: RHB Dean Bailey 0-0: Called Strike
0-1: SINGLE (Flyball, 7LM)
Bob Johnson to second
Batting: RHB Rusty Downy 0-0: Ball
1-0: Grounds into double play, 1-6-3 (Groundball, 15S)
Bob Johnson to third
Pitching: LHP Luis Carbajal
Pinch Hitting: RHB Dave Roberts 0-0: Swinging Strike
0-1: Foul Ball, location: 2F
0-2: Strikes out swinging
Top of the 7th over - 0 run(s), 2 hit(s), 0 error(s), 1 left on base; Montgomery 1 - Beaverton 0
BOTTOM OF THE 7TH
Beaverton Bronze Souls batting - Pitching for Montgomery Grey Sox : RHP Michael Young
Now in RF: Dave Roberts
Batting: RHB Jim Villiers 0-0: Ball
1-0: Ground out 6-3 (Groundball, 6M)
Pitching: LHP Lee González
Batting: LHB Chance Santry 0-0: Foul Ball, location: 2F
0-1: Ball
1-1: Ball
2-1: Ball
3-1: Foul Ball, location: 2F
3-2: Base on Balls
Pitching: LHP Wilson Romero
Batting: LHB Cristóbal Gómez 0-0: Foul Ball, location: 2F
0-1: Grounds into double play, 1-6-3 (Groundball, 13)
Bottom of the 7th over - 0 run(s), 0 hit(s), 0 error(s), 0 left on base; Montgomery 1 - Beaverton 0
TOP OF THE 8TH
Montgomery Grey Sox batting - Pitching for Beaverton Bronze Souls : LHP Luis Carbajal
Batting: RHB José Carlos Caraballo 0-0: SINGLE (Groundball, 34D)
Pinch Hitting: RHB Bryant von Bohlen 0-0: Ball
1-0: Foul Ball, location: 2F
1-1: Sac Bunt - play at first, batter OUT! 1-3
José Carlos Caraballo to second
Batting: LHB Al Gaines 0-0: Ball
1-0: Swinging Strike
1-1: Ball
2-1: Foul Ball, location: 2F
2-2: Foul Ball, location: 2F
2-2: Fly out, F8 (Flyball, 8LM)
Batting: RHB José Montoya 0-0: Ball
1-0: Foul Ball, location: 2F
1-1: Swinging Strike
1-2: Strikes out swinging
Top of the 8th over - 0 run(s), 1 hit(s), 0 error(s), 1 left on base; Montgomery 1 - Beaverton 0
BOTTOM OF THE 8TH
Beaverton Bronze Souls batting - Pitching for Montgomery Grey Sox : LHP Wilson Romero
Now at SS: Sergio Gonzáles
Batting: RHB Carlos Carrillo 0-0: Called Strike
0-1: Foul Ball, location: 2F
0-2: Foul Ball, location: 2F
0-2: Strikes out swinging
Batting: LHB Howard Holder 0-0: Ball
1-0: DOUBLE (Line Drive, 9D) - OUT at third base trying to stretch hit.
Batting: RHB Tom Hicks 0-0: Ball
1-0: Called Strike
1-1: Swinging Strike
1-2: SINGLE (Line Drive, 78S)
Batting: RHB Juan Becerra 0-0: Ball
1-0: Ball
2-0: Called Strike
2-1: Ball
3-1: Base on Balls
Tom Hicks to second
Pinch Hitting: RHB Elpidio Martinho 0-0: Ball
1-0: Swinging Strike
1-1: Foul Ball, location: 2F
1-2: Ball
2-2: SINGLE (Flyball, 8RS)
Tom Hicks to third
Juan Becerra to second
Runner from 3rd tries for Home, SAFE, throw made at trailing runner, SAFE at third!
Batting: RHB Brian Dixon 0-0: Ball
1-0: SINGLE (Groundball, 56)
Juan Becerra scores
Elpidio Martinho to second
Batting: RHB Jim Villiers 0-0: Foul Ball, location: 2F
0-1: Fly out, F8 (Flyball, 8LD)
Bottom of the 8th over - 2 run(s), 4 hit(s), 0 error(s), 2 left on base; Montgomery 1 - Beaverton 2
TOP OF THE 9TH
Montgomery Grey Sox batting - Pitching for Beaverton Bronze Souls : LHP Luis Carbajal
Pitching: RHP Taylor Bowen
Now at 2B: Elpidio Martinho
Now at 3B: David Kerr
Now in CF: Jesús Sosa
Batting: RHB Joe Courtier 0-0: Foul Ball, location: 2F
0-1: TRIPLE (Groundball, 3L)
Pinch Hitting: SHB Marvin López 0-0: Ball
1-0: Called Strike
1-1: Ball
2-1: Ground out 6-3 (Groundball, 15)
Batting: RHB Dean Bailey 0-0: SINGLE (Groundball, 15S) (infield hit)
Batting: RHB Rusty Downy 0-0: Ball
1-0: Called Strike
1-1: Ball
2-1: Foul Ball, location: 2F
2-2: Foul Ball, location: 2F
2-2: Fly out, F8 (Flyball, 78XD)
Runner from 3rd tags up, SCORES, no throw
Pinch Hitting: LHB Alberto Santos 0-0: Called Strike
0-1: Ground out 4-3 (Groundball, 4)
Top of the 9th over - 1 run(s), 2 hit(s), 0 error(s), 1 left on base; Montgomery 2 - Beaverton 2
BOTTOM OF THE 9TH
Beaverton Bronze Souls batting - Pitching for Montgomery Grey Sox : LHP Wilson Romero
Pitching: RHP Matt Kinnieson
Now at C: Wilson Bray
Now in LF: Alberto Santos
Batting: LHB Chance Santry 0-0: Called Strike
0-1: Ball
1-1: Ball
2-1: Ball
3-1: Base on Balls
Pinch Runner at 1st Rusty Anderson:
Batting: LHB Cristóbal Gómez 0-0: Called Strike
Rusty Anderson steals 2nd base
0-1: Swinging Strike
0-2: Ball
1-2: Ball
2-2: Foul Ball, location: 2F
2-2: Ball
3-2: Intentional Walk
Pinch Hitting: LHB Miguel Barrón 0-0: Foul Ball, location: 2F
0-1: Foul Ball, location: 2F
0-2: Ball
1-2: Ball
2-2: SINGLE (Groundball, 6M)
Rusty Anderson to third
Cristóbal Gómez to second
Batting: LHB Howard Holder 0-0: Foul Ball, location: 2F
0-1: Foul Ball, location: 2F
0-2: Ball
1-2: Hit by Pitch
Rusty Anderson scores
Cristóbal Gómez to third
Miguel Barrón to second
This league is powered by Out of the Park Baseball, the baseball management simulation game for PC, Mac and Linux
Tuesday, August 2nd, 2016 - OOTP Baseball 16.8 Build 38